 Dungeon Crawl Stone Soup version 0.28-a0-43-g560ac104fe (webtiles) character file.

Game seed: 16044841104437934771

29 snetch the Magician (level 3, -1/25 HPs)
             Began as a Djinni Fire Elementalist on July 28, 2021.
             Slain by an adder (5 damage)
             ... on level 1 of the Dungeon.
             The game lasted 00:02:40 (1089 turns).

snetch the Magician (Djinni Fire Elementalist)      Turns: 1089, Time: 00:02:40

Health: -1/25      AC:  2    Str:  7    XL:     3   Next: 32%
Gold:   32         EV: 12    Int: 17    God:
                   SH:  0    Dex: 13

rFire   + + .      SeeInvis .   k - +1 short sword (speed)
rCold   x . .      Faith    .   (no shield)
rNeg    . . .      Spirit   .   a - +0 robe
rPois   ∞          Reflect  .   (no helmet)
rElec   .          Harm     .   (no cloak)
rCorr   .          Rampage  .   (no gloves)
Will    .....                   (boots unavailable)
Stlth   ++........              (no amulet)
HPRegen 0.08/turn               (no ring)
MPRegen 0.00/turn               (no ring)

@: flying
A: sickness immunity, fire resistance 2, cold vulnerability 1, float, innate
caster, hp casting, extra vitality 1
a: no special abilities


You were on level 1 of the Dungeon.
You visited 1 branch of the dungeon, and saw 2 of its levels.

You collected 32 gold pieces.

Inventory:

Hand Weapons
 k - a +1 short sword of speed (weapon)
Missiles
 c - 19 arrows
 d - 7 boomerangs
 f - 20 stones
Armour
 a - a +0 robe (worn)
 h - a +0 chain mail
 p - a +0 ring mail
Scrolls
 b - a scroll of teleportation {unknown}
 i - a scroll of immolation {unknown}
 j - 2 scrolls of identify {unknown}
 n - a scroll of magic mapping {unknown}
 o - a scroll of torment {unknown}
Potions
 e - a potion of lignification {unknown}
 g - a potion of curing {unknown}
 l - a potion of attraction {unknown}
 m - a potion of berserk rage {unknown}


   Skills:
 + Level 2.3 Dodging
 + Level 1.8 Stealth
 + Level 3.1 Spellcasting


You couldn't memorise any spells.
You knew the following spells:

 Your Spells              Type           Power      Damage    Failure   Level
a - Foxfire               Conj/Fire      52%        2x1d6     4%          1
b - Conjure Flame         Conj/Fire      13%        6-21      14%         3
c - Inner Flame           Hex/Fire       13%        N/A       14%         3
d - Sticky Flame          Conj/Fire      13%        2d4       43%         4
e - Fireball              Conj/Fire      6%         3d5       78%         5
f - Pain                  Necr           52%        1d6       4%          1
Your spell library was empty.

Dungeon Overview and Level Annotations

Branches:
Dungeon (2/15)

Altars:


Innate Abilities, Weirdness & Mutations

You are immune to sickness and miasma.
You are immune to poison.
Your flesh is very heat resistant. (rF++)
You are vulnerable to cold. (rC-)
You float through the air rather than walking.
You learn spells naturally, not from books.
Your magical power is your life essence.
You have superior vitality. (+4 HP)


Message History

Casting: Foxfire (safe; 4% risk of failure)
Press: ? - help, Q - select action, (/) - cycle Dir - look around, f - activate You conjure some foxfire!
The foxfire hits the worm.
You kill the worm!
The foxfire hits the bat.
You kill the bat!
Your foxfire dissipates!
Your foxfire dissipates! x2
A worm and a goblin come into view.
The goblin shouts!
An adder comes into view.
A ball python comes into view.
You see here 13 gold pieces.
You now have 32 gold pieces (gained 13).
Things that are here:
a +0 whip; a stone; a jackal corpse
f - 20 stones (gained 1)
The adder closely misses you.
There is a stone staircase leading up here.
You see here a jackal corpse.
The adder barely misses you. The adder bites you.
* * * LOW HITPOINT WARNING * * *
You fly upwards.
There is a stone staircase leading down here.
Casting: Foxfire (safe; 4% risk of failure)
Press: ? - help, Q - select action, (/) - cycle Dir - look around, f - activate You conjure some foxfire!
* * * LOW HITPOINT WARNING * * *
The adder bites you but does no damage.
Unknown command.
Casting: Foxfire (safe; 4% risk of failure)
Press: ? - help, Q - select action, (/) - cycle Dir - look around, f - activate You conjure some foxfire!
* * * LOW HITPOINT WARNING * * *
The foxfire hits the adder.
The adder is lightly wounded.
The foxfire hits the adder.
The adder is heavily wounded.
The adder bites you.
You die...

############
##..........##
##......§v....##
#.......@v.÷...#
#.......S......#
#..............# ##
#..............# .##
#..............# ..##
##............## ...#
##............# ####
...#
###..#######.#######...
...#
#..................##


You could see an adder (ally target).

Vanquished Creatures
  A worm (D:2)
  2 dart slugs (D:1)
  2 ball pythons (D:1)
  2 endoplasms (D:1)
  A giant cockroach (D:1)
  2 hobgoblins (D:1)
  3 jackals (D:2)
  A quokka (D:1)
  3 bats
  A frilled lizard (D:1)
  2 kobolds
  2 rats (D:1)
22 creatures vanquished.

Vanquished Creatures (others)
  82 foxfires
82 creatures vanquished.

Grand Total: 104 creatures vanquished

Notes
Turn   | Place    | Note
-------+----------+-------------------------------------------
     0 | D:1      | snetch the Djinni Fire Elementalist began the quest for the
                  | Orb.
     0 | D:1      | Reached XP level 1. HP: 15/15 MP: 0/0
   444 | D:1      | Reached XP level 2. HP: 18/21 MP: 0/0
   861 | D:1      | Reached skill level 3 in Spellcasting
   863 | D:1      | Reached XP level 3. HP: 9/25 MP: 0/0
   863 | D:1      | Learned a level 1 spell: Pain
  1089 | D:1      | Slain by an adder

Illustrated notes

Levels and vault maps discovered:
D:1:      lightli_arrival_lavapool, layout_rooms, dk_noncrumbling_4
D:2:      layout_loops_ring, kennysheep_boxes

Skill      XL: |  1  2 |
---------------+-------+-----
Spellcasting   | 3 |  3.1
Dodging        | |  2.3
Stealth        | |  1.8

Action                   || total
-------------------------++-------
 Cast: Foxfire           ||    51
Armor: Robe              ||     2
Dodge: Dodged            ||     5

Table legend: (Time is in decaauts)
 A = Elapsed time spent in this place.
 B = Non-inter-level travel time spent in this place.
 C = Inter-level travel time spent in this place.
 D = Time resting spent in this place.
 E = Time spent auto-exploring this place.
 F = Levels seen in this place.
 G = Mean time per level.
                   A        B        C        D        E       F      G
               +--------+--------+--------+--------+--------+-----+--------+
         Total |   1090 |   1088 |      2 |    183 |    698 |   2 |  545.0 |
       Dungeon |   1090 |   1088 |      2 |    183 |    698 |   2 |  545.0 |
               +--------+--------+--------+--------+--------+-----+--------+

Top non-repeatable levels by time:
     D:1: 1057 daAuts
     D:2: 33 daAuts
